 Dungeon Crawl Stone Soup version 0.17-a0-725-gfa8c127 (webtiles) character file.

331 Trafet the Chopper (level 6, -10/47 HPs)
             Began as a Formicid Fighter on Apr 21, 2015.
             Mangled by an ogre
             ... wielding a +0 giant club
              (11 damage)
             ... on level 4 of the Dungeon.
             The game lasted 00:09:52 (3655 turns).

Trafet the Chopper (Formicid Fighter)               Turns: 3655, Time: 00:09:52

Health: -10/47     AC:  6    Str: 21    XL:     6   Next: 81%
Magic:  15/15      EV:  7    Int: 14    God:
Gold:   183        SH:  9    Dex: 10    Spells: 0 memorised, 5 levels left

rFire  . . .     SeeInvis +     a - +0 war axe
rCold  . . .     Clarity  .     b - +0 scale mail
rNeg   . . .     SustAb   .     c - +0 shield
rPois  .         Gourm    .     (helmet unavailable)
rElec  .         Spirit   .     (no cloak)
rCorr  .         Warding  .     (no gloves)
rMut   .         Stasis   +     (no boots)
MR     .....                    (no amulet)
Stlth  ..........               l - ring of magical power
                                (no ring)

@: brilliant, lethally poisoned (-10 -> -13), not resistant to hostile
enchantments, extremely unstealthy
A: permanent stasis, dig shafts and tunnels, four strong arms, antennae 3
a: Dig, Shaft Self


You were on level 4 of the Dungeon.
You were not hungry.

You visited 1 branch of the dungeon, and saw 4 of its levels.

You collected 183 gold pieces.

Inventory:

Hand weapons
 a - a +0 war axe (weapon)
Missiles
 B - 4 tomahawks (quivered)
Armour
 b - a +0 scale mail (worn)
 c - a +0 shield (worn)
Jewellery
 f - an uncursed ring of ice
 l - a ring of magical power (right hand)
 p - an uncursed amulet of faith {unknown}
Magical devices
 A - a wand of magic darts (24)
Scrolls
 g - a scroll of immolation {unknown}
 h - a scroll of enchant armour {unknown}
 i - 2 scrolls of amnesia {unknown}
 j - 2 scrolls of fear {unknown}
 m - 2 scrolls of blinking {unknown}
 n - a scroll of recharging {unknown}
 o - a scroll of noise {unknown}
 q - a scroll of random uselessness {unknown}
 s - a scroll of remove curse {unknown}
 t - a scroll of magic mapping {unknown}
 y - a scroll of identify {unknown}
Potions
 e - a potion of might
 v - a potion of restore abilities {unknown}
 w - a potion of experience {unknown}
 x - a potion of resistance {unknown}
Comestibles
 d - 2 bread rations
 k - a meat ration
 u - a beef jerky
 z - 3 chunks of flesh


   Skills:
 - Level 3.3 Fighting
 * Level 6.6 Axes
 - Level 3.3 Armour
 - Level 3.7 Shields


You had 5 spell levels left.
You didn't know any spells.

Dungeon Overview and Level Annotations

Branches:
Dungeon (4/15)
 Temple: D:4-7

Altars:
Dithmenos
Gozag
Kikubaaqudgha
Makhleb
Ru
Zin

Annotations:
D:3 Thalios's ghost, average GrFi


Innate Abilities, Weirdness & Mutations

You are under a permanent stasis effect.
You can dig through walls and to a lower floor.
Your four strong arms can wield two-handed weapons with a shield.
You have a pair of large antennae on your head (SInv).


Message History

The ogre is heavily wounded.
You closely miss the adder.
The adder is moderately wounded.
You feel sick. The adder bites you but does no damage.
The ogre hits you but does no damage. You block the adder's attack.
Unknown command.
You hit the ogre but do no damage.
The ogre is heavily wounded.
You closely miss the adder.
The adder is moderately wounded.
You feel sick. The adder bites you but does no damage.
The ogre hits you with a giant club!
* * * LOW HITPOINT WARNING * * *
Drink which item? (? for menu, Esc to quit)
It was a potion of brilliance.
You feel clever all of a sudden. The adder bites you.
* * * LOW HITPOINT WARNING * * *
The ogre hits you with a giant club!
You die...

.#...##
..#.#.#####.### ## .
............... .#..
#.#.#..####.### .#. #
##...#(### .. .#
##.##...# .# ..##
#.###''########.#.....
..#......#....†O...# #
##.8..8.#....@S..#
+..♣♣..'.####.###
+..♣♣..'.# .#
#.8..8.### .. #......#
### #.###''###
#[.....# ########


You could see an ogre and an adder.

Vanquished Creatures
  A giant frog (D:3)
  A worker ant (D:4)
  Jessica (D:3)
  An orc wizard (D:3)
  10 adders
  2 oozes
  3 worms (D:3)
  8 orcs (D:3)
  7 bats
  6 giant cockroaches
  5 goblins
  11 hobgoblins
  6 jackals
  9 kobolds
  4 giant geckos
  2 giant newts
  A jackal skeleton (D:3)
  8 rats
86 creatures vanquished.

Notes
Turn   | Place    | Note
--------------------------------------------------------------
     0 | D:1      | Trafet, the Formicid Fighter, began the quest for the Orb.
     0 | D:1      | Reached XP level 1. HP: 18/18 MP: 1/1
   142 | D:1      | Reached XP level 2. HP: 21/24 MP: 2/2
   540 | D:1      | Reached XP level 3. HP: 26/29 MP: 3/3
   890 | D:2      | Reached XP level 4. HP: 31/35 MP: 4/4
   974 | D:2      | Reached skill level 4 in Axes
  1051 | D:2      | Found a glowing silver altar of Zin.
  1365 | D:2      | Reached XP level 5. HP: 16/41 MP: 5/5
  1668 | D:3      | Reached skill level 5 in Axes
  1891 | D:3      | Reached XP level 6. HP: 47/47 MP: 6/6
  1983 | D:3      | Noticed Thalios's ghost (average GrFi)
  2984 | D:3      | Noticed Jessica
  2988 | D:3      | Killed Jessica
  2988 | D:3      | Reached skill level 6 in Axes
  3002 | D:3      | Found a sacrificial altar of Ru.
  3445 | D:3      | Found an opulent altar of Gozag.
  3446 | D:3      | Found a shadowy altar of Dithmenos.
  3514 | D:3      | Found a burning altar of Makhleb.
  3515 | D:3      | Found an ancient bone altar of Kikubaaqudgha.
  3655 | D:4      | HP: 1/47 [adder (2)]
  3655 | D:4      | Mangled by an ogre

Action                   |  1- 3 |  4- 6 || total
-------------------------+-------+-------++-------
Melee: War axe           |   101 |   229 ||   330
  Use: Potion            |       |     1 ||     1
  Eat: Chunk             |       |     9 ||     9
